 Dungeon Crawl Stone Soup version 0.31-a0-1620-gcbf77bbcfc (webtiles) character file.

Game seed: 12458641846689770915

690 Laraso the Magician (level 7, 29/50 HPs)
             Began as a Grey Draconian Fire Elementalist on Jan 11, 2024.
             Was a Follower of Sif Muna.
             Quit the game on level 5 of the Dungeon.
             The game lasted 00:06:22 (4542 turns).

Laraso the Magician (DrFE)                          Turns: 4542, Time: 00:06:23

Health: 29/50      AC: 11    Str: 11    XL:     7   Next: 36%
Magic:  17/17      EV: 12    Int: 17    God:    Sif Muna [*.....]
Gold:   132        SH:  0    Dex: 11    Spells: 17/20 levels left

rFire   . . .        t - +5 woodcutter's axe
rCold   . . .        (shield currently unavailable)
rNeg    . . .        (body armour unavailable)
rPois   .            (helmet restricted)
rElec   .            (no cloak)
rCorr   .            (no gloves)
SInv    +            (no boots)
Will    .....        (no amulet)
Stlth   ++           m - ring of see invisible
HPRegen 0.28/turn    (no ring)
MPRegen 0.15/turn

%: no passive effects
@: no status effects
A: AC +11, amphibious, unfitting armour, cold-blooded
a: Renounce Religion, Channel Magic


You were on level 5 of the Dungeon.
You worshipped Sif Muna.
Sif Muna was aware of your devotion.
You visited 1 branch of the dungeon, and saw 5 of its levels.

You collected 256 gold pieces.
You spent 124 gold pieces at shops.

Inventory:

Hand Weapons
 l - a +3 short sword of venom
 o - the +8 short sword "Yxixtej" {vamp, Fly rElec}
   (You found it on level 3 of the Dungeon)

   rElec:     It insulates you from electricity.
   Fly:       It grants you flight.
 t - the +5 woodcutter's axe (weapon)
   (You found it on level 3 of the Dungeon)
Missiles
 k - a throwing net
Magical Staves
 d - a staff of earth
 q - a staff of conjuration
Jewellery
 m - a ring of see invisible (left hand)
Scrolls
 c - a scroll of amnesia {unknown}
 e - a scroll of immolation {unknown}
 f - a scroll of summoning {unknown}
 g - a scroll of fear {unknown}
 p - 2 scrolls of teleportation {unknown}
 r - a scroll of poison {unknown}
 u - a scroll of fog
Potions
 a - a potion of magic
 b - 2 potions of lignification {unknown}
 h - 3 potions of haste {unknown}
 i - a potion of attraction {unknown}
 j - a potion of heal wounds
 n - a potion of enlightenment {unknown}
 s - a potion of curing {unknown}
 v - a potion of ambrosia {unknown}


   Skills:
 - Level 1.7 Dodging
 - Level 1.7 Stealth
 * Level 7.3 Spellcasting
 - Level 1.0 Conjurations
 - Level 4.0 Fire Magic


You had 17 spell levels left.
You knew the following spells:

 Your Spells              Type           Power      Damage    Failure   Level
a - Foxfire               Conj/Fire      56%        2x1d6     4%          1
b - Scorch                Fire           38%        2d6       3%          2

Your spell library contained the following spells:

 Spells                   Type           Power      Damage    Failure   Level
 Inner Flame              Hex/Fire       13%        N/A       16%         3
 Volatile Blastmotes      Fire/Tloc      26%        2d12      16%         3
 Dazzling Flash           Conj/Hex       16%        N/A       26%         3
 Ozocubu's Armour         Ice            6%         N/A       34%         3
 Flame Wave               Conj/Fire      14%        2d6       36%         4
 Fulminant Prism          Conj/Alch      4%         3d5       65%         4
 Iskenderun's Mystic Bla  Conj/Tloc      8%         2d4       65%         4
 Metabolic Englaciation   Hex/Ice        3%         N/A       97%         5
 Starburst                Conj/Fire      7%         6d4       99%         6
 Sculpt Simulacrum        Ice/Alch       3%         N/A       100%        6
 Maxwell's Capacitive Co  Air            3%         ∞         100%        8


Dungeon Overview and Level Annotations

Branches:
Dungeon (5/15)             Temple (0/1) D:5

Altars:
Fedhas
Sif Muna
Xom

Shops:
D:3 *

Annotations:
D:3 2 runed translucent doors, 0gre's ghost, amateur GnWn


Innate Abilities, Weirdness & Mutations

Your dull iron-grey scales are very hard. (AC +11)
You are amphibious.
You cannot fit into any form of body armour.
You are cold-blooded and may be slowed by cold attacks.


Message History

You closely miss the scorpion. The scorpion stings you.
You are poisoned.
The scorpion poisons you!
You hit the scorpion.
The scorpion is moderately wounded.
You feel sick.
The scorpion stings you but does no damage.
You hit the scorpion but do no damage. You tail-slap the scorpion.
The scorpion is heavily wounded.
You feel sick. The scorpion stings you.
You barely miss the scorpion.
Your tail-slap misses the scorpion.
The scorpion is heavily wounded.
You feel sick.
The scorpion stings you but does no damage.
The scorpion completely misses you.
You hit the scorpion.
The scorpion is heavily wounded.
You feel sick.
The scorpion stings you but does no damage.
You closely miss the scorpion.
The scorpion is heavily wounded.
You feel sick. The scorpion barely misses you.
You slash the scorpion! You tail-slap the scorpion.
The scorpion is almost dead.
You feel sick. The scorpion stings you.
* * * LOW HITPOINT WARNING * * *
You slash the scorpion!
You kill the scorpion!
Sif Muna accepts your kill.
You feel sick.
You feel sick.
You are no longer poisoned.
You see here a scorpion corpse.
You start resting.
You hear the slow hiss of a very distant avalanche of sand.
You start resting.
Magic restored.
You start resting.
You hear the slow hiss of a very distant avalanche of sand.
Are you sure you want to abandon this character and quit the game? (Confirm with "yes".)

##...####.........#
#.......+..........
##...#### ........#
#..## ........#
#.## #........ #.#
#........ #.#
#†8.8.8.. #.#
#####..⌠.⌠..# #.#
#..@..8.>.8.# #.#
#.##...⌠.⌠..# #.#
#.##..8.8.8.#
#.####.##........#
#.................
######.##......###
#.##.##...# #.##.#
...# #..


There were no monsters in sight!

Vanquished Creatures
  An ice beast (D:3)
  A bullfrog (D:5)
  A scorpion (D:5)
  2 bombardier beetles (D:4)
  3 orc priests
  2 sleepcaps
  2 iguanas
  4 gnolls (D:4)
  8 adders
  3 dart slugs
  2 ribbon worms (D:2)
  7 orcs
  9 endoplasms
  2 giant cockroaches
  9 goblins
  8 hobgoblins
  7 jackals
  A quokka (D:2)
  7 ball pythons
  4 bats
  3 frilled lizards
  5 kobolds
  3 rats (D:1)
94 creatures vanquished.

Vanquished Creatures (collateral kills)
  3 foxfires (D:1)
3 creatures vanquished.

Vanquished Creatures (others)
  51 foxfires
51 creatures vanquished.

Grand Total: 148 creatures vanquished

Notes
Turn   | Place    | Note
-------+----------+-------------------------------------------
     0 | D:1      | Laraso the Draconian Fire Elementalist began the quest for
                  | the Orb.
     0 | D:1      | Reached XP level 1. HP: 14/14 MP: 3/3
   450 | D:1      | Reached XP level 2. HP: 20/20 MP: 2/5
   595 | D:1      | Found a faded altar of an unknown god.
   827 | D:1      | Reached skill level 3 in Spellcasting
  1330 | D:2      | Learned a level 2 spell: Scorch
  1334 | D:2      | Reached XP level 3. HP: 26/26 MP: 4/7
  1665 | D:2      | Reached skill level 4 in Spellcasting
  1790 | D:2      | Reached XP level 4. HP: 33/33 MP: 5/10
  2222 | D:3      | Found a shimmering blue altar of Sif Muna.
  2234 | D:3      | Became a worshipper of Sif Muna the Loreminder
  2361 | D:3      | Found Cieq Loh's Assorted Antiques.
  2368 | D:3      | Bought a green potion for 23 gold pieces
  2368 | D:3      | Bought an inky potion for 23 gold pieces
  2368 | D:3      | Bought a scroll labelled LOXZEM SAKHUON for 26 gold pieces
  2368 | D:3      | Bought a scroll labelled GACKYU BOLL for 26 gold pieces
  2368 | D:3      | Bought a scroll labelled UDWAAHASAF for 26 gold pieces
  2562 | D:3      | Identified the +8 short sword "Yxixtej" {vamp, Fly rElec}
  2637 | D:3      | Noticed an ice beast
  2642 | D:3      | Killed an ice beast
  2643 | D:3      | Reached skill level 5 in Spellcasting
  2643 | D:3      | Reached XP level 5. HP: 38/38 MP: 4/12
  2855 | D:3      | Found a blossoming altar of Fedhas.
  2856 | D:3      | Found the +5 woodcutter's axe
  2915 | D:3      | Found a runed translucent door.
  2917 | D:3      | Noticed 0gre's ghost (amateur GnWn)
  2938 | D:3      | Found a runed translucent door.
  3261 | D:4      | Reached XP level 6. HP: 45/45 MP: 9/14
  3628 | D:4      | Reached * piety under Sif Muna
  3645 | D:4      | Reached skill level 6 in Spellcasting
  3993 | D:4      | Found a shimmering altar of Xom.
  4388 | D:5      | Entered Level 5 of the Dungeon
  4388 | D:5      | Noticed a yak
  4388 | D:5      | Noticed a yak
  4455 | D:5      | Found a staircase to the Ecumenical Temple.
  4463 | D:5      | Your scales start taking on a dull iron-grey colour.
  4463 | D:5      | Reached XP level 7. HP: 48/50 MP: 7/17
  4473 | D:5      | Reached skill level 7 in Spellcasting
  4542 | D:5      | Quit the game

Illustrated notes

Levels and vault maps discovered:
D:1:      ncdulo_lavacross, layout_basic,
          shapermc_ecumenical_altar_mp_ritualfount, minmay_misc_feat_ornament
D:2:      layout_rooms
D:3:      layout_basic, fedhas_ov_isle_minmay, mainiacjoe_overflow_chevrons,
          ebering_ghost_sewer_f, serial_shops, nicolae_shop_rolling_square,
          kennysheep_minor_cross
D:4:      layout_loops_ring, mainiacjoe_overflow_concentric_impassable
D:5:      layout_loops_corners, minmay_temple_entry_statues_fountains,
          mainiacjoe_ossuary_entry_find_the_door

Skill      XL: |  1  2  3  4  5  6  7 |
---------------+----------------------+-----
Spellcasting   | 3 4 5 6 7 |  7.3
Fire Magic     | 4 |  4.0
Dodging        | |  1.7
Stealth        | |  1.7
Conjurations   | |  1.0

Action                     |  1- 3 |  4- 6 |  7- 9 || total
---------------------------+-------+-------+-------++-------
  Melee: Dagger            |    74 |       |       ||    74
         Tailslap          |     8 |     3 |     5 ||    16
         Punch             |     2 |       |       ||     2
         Short sword       |       |     7 |       ||     7
         Battleaxe         |       |    29 |    18 ||    47
   Cast: Foxfire           |    29 |       |       ||    29
         Scorch            |    18 |    67 |       ||    85
    Use: Scroll            |       |     6 |       ||     6
   Stab: Sleeping          |     3 |     1 |       ||     4
 Armour: Skin              |    55 |    24 |    15 ||    94
  Dodge: Dodged            |    65 |    32 |     7 ||   104

Table legend: (Time is in decaauts)
 A = Elapsed time spent in this place.
 B = Non-inter-level travel time spent in this place.
 C = Inter-level travel time spent in this place.
 D = Time resting spent in this place.
 E = Time spent auto-exploring this place.
 F = Levels seen in this place.
 G = Mean time per level.
                   A        B        C        D        E       F      G
               +--------+--------+--------+--------+--------+-----+--------+
         Total |   4547 |   4430 |    117 |    585 |   3130 |   5 |  909.4 |
       Dungeon |   4547 |   4430 |    117 |    585 |   3130 |   5 |  909.4 |
               +--------+--------+--------+--------+--------+-----+--------+

Top non-repeatable levels by time:
     D:4: 1368 daAuts
     D:1: 1366 daAuts
     D:3: 866 daAuts
     D:2: 816 daAuts
     D:5: 130 daAuts
